cohdb
Replays
Latest Replays
All Replays
Popular Replays
Top Player Replays
Match Explorer
How It Works
Community
CoH3 Stats
Reddit
Sign in to upload your games and track your stats! →
Sign in with Steam
Match 41671582
Unlisted
Match 41671582
Overview
Messages
Build Orders
End
Construct Weapon Support Center
M1919 Machine Gun Team
Engineer Squad
M1919 Machine Gun Team
Mechanized Support Center
Construct Medical Station
Scout Squad
Selects Special Operations Battlegroup
Selects Smoke Screen
Smoke Screen
Construct Motor Pool
M3 75 mm Gun Motor Carriage
Mortar Pit
M3 75 mm Gun Motor Carriage
Selects SSF Commando Squad
SSF Commando Squad
Mortar Pit
Smoke Screen
SSF Commando Squad
Designate Forward Repair Station
Smoke Screen
Mortar Pit
M8 Greyhound Armored Car
ProxyFox
Ghost
HulkSMASH
⚓️Ruby⚓
0
0
Comments
sign in to comment!
No comments posted yet!